PCL
HOUSTON HAMMERTIME @ MILE HIGH BRONCOS
07/29/2028
 
TOP OF THE 1ST
Houston Hammertime batting - Pitching for Mile High Broncos : RHP Dan Bailey
Pitching: RHP Dan Bailey
Batting: SHB Carlos Córdova 0-0: Ball
1-0: Ball
2-0: Ball
3-0: Base on Balls
Batting: RHB David Hernández 0-0: Ball
1-0: Grounds into double play, 6-4-3 (Groundball, 6)
Batting: LHB Pat Jones 0-0: Ground out U3 (Groundball, 3L)
Top of the 1st over - 0 run(s), 0 hit(s), 0 error(s), 0 left on base; Houston 0 - Mile High 0
BOTTOM OF THE 1ST
Mile High Broncos batting - Pitching for Houston Hammertime : RHP Máximo Marín
Pitching: RHP Máximo Marín
Batting: LHB Ernesto López 0-0: Fly out, F5 (Line Drive, 5S)
Batting: RHB Evan Robinson 0-0: Swinging Strike
0-1: Ball
1-1: Swinging Strike
1-2: Strikes out looking
Batting: LHB Dave Cook 0-0: Called Strike
0-1: Swinging Strike
0-2: SOLO HOME RUN (Flyball, 8RXD), Distance : 435 ft
Batting: RHB David Moran 0-0: Called Strike
0-1: Ball
1-1: Foul Ball, location: 2F
1-2: Foul Ball, location: 2F
1-2: Strikes out looking
Bottom of the 1st over - 1 run(s), 1 hit(s), 0 error(s), 0 left on base; Houston 0 - Mile High 1
TOP OF THE 2ND
Houston Hammertime batting - Pitching for Mile High Broncos : RHP Dan Bailey
Batting: LHB Frank Geddes 0-0: Ball
1-0: Called Strike
1-1: Ball
2-1: Ball
3-1: DOUBLE (Flyball, 9D)
Batting: RHB Dan Mason 0-0: Ball
1-0: Ball
2-0: Ball
3-0: Called Strike
3-1: Base on Balls
Batting: LHB José Esparza 0-0: Foul Ball, location: 2F
0-1: Called Strike
0-2: Foul Ball, location: 2F
0-2: Foul Ball, location: 2F
0-2: Hit by Pitch
Frank Geddes to third
Dan Mason to second
Batting: RHB Ánibal Pérez 0-0: Called Strike
0-1: Swinging Strike
0-2: Foul Ball, location: 2F
0-2: Ball
1-2: SINGLE (Groundball, 6MD)
Frank Geddes scores
Dan Mason to third
José Esparza to second
Runner from 3rd tries for Home, SAFE, no throw
Batting: RHB José García 0-0: Foul Ball, location: 2F
0-1: Swinging Strike
0-2: Ball
1-2: Ball
2-2: Fielders Choice at 2nd, 5-4 (Groundball, 56)
José Esparza to third
Batting: LHB Enrique Valentín 0-0: Ball
1-0: Ball
2-0: Called Strike
2-1: Swinging Strike
2-2: Ground out 4-3 (Groundball, 4S)
José Esparza scores
José García to second
Batting: SHB Carlos Córdova 0-0: Ball
1-0: Foul Ball, location: 2F
1-1: SINGLE (Flyball, 8RS)
José García to third
Runner from 3rd tries for Home, throw and OUT!
Top of the 2nd over - 3 run(s), 3 hit(s), 0 error(s), 1 left on base; Houston 3 - Mile High 1
BOTTOM OF THE 2ND
Mile High Broncos batting - Pitching for Houston Hammertime : RHP Máximo Marín
Batting: RHB António Martínez 0-0: Called Strike
0-1: Foul Ball, location: 2F
0-2: Ball
1-2: Ball
2-2: Strikes out swinging, 2-3 out at first.
Batting: RHB Jeff Packard 0-0: Ball
1-0: Ground out 6-3 (Groundball, 6)
Batting: RHB Edward Williams 0-0: Ball
1-0: Ground out 5-3 (Groundball, 56S)
Bottom of the 2nd over - 0 run(s), 0 hit(s), 0 error(s), 0 left on base; Houston 3 - Mile High 1
TOP OF THE 3RD
Houston Hammertime batting - Pitching for Mile High Broncos : RHP Dan Bailey
Batting: RHB David Hernández 0-0: Called Strike
0-1: Ball
1-1: SINGLE (Line Drive, 6M)
Batting: LHB Pat Jones 0-0: Ball
1-0: Ball
2-0: DOUBLE (Line Drive, 9LM)
David Hernández to third
Batting: LHB Frank Geddes 0-0: Ball
1-0: Foul Ball, location: 2F
1-1: Swinging Strike
1-2: Ball
2-2: Fly out, F7 (Flyball, 7S)
Batting: RHB Dan Mason 0-0: Ball
1-0: Fly out, F9 (Flyball, 89M)
Batting: LHB José Esparza 0-0: Ball
1-0: Called Strike
1-1: Ball
2-1: Ball
3-1: Base on Balls
Batting: RHB Ánibal Pérez 0-0: Ball
1-0: Foul Ball, location: 2F
1-1: Ball
2-1: Ball
3-1: Called Strike
3-2: Foul Ball, location: 2F
3-2: Strikes out swinging
Top of the 3rd over - 0 run(s), 2 hit(s), 0 error(s), 3 left on base; Houston 3 - Mile High 1
BOTTOM OF THE 3RD
Mile High Broncos batting - Pitching for Houston Hammertime : RHP Máximo Marín
Batting: LHB Tony Báez 0-0: Ball
1-0: Swinging Strike
1-1: DOUBLE (Flyball, 9LD)
Batting: RHB John Brown 0-0: Ball
1-0: Fly out, F5 (Popup, 5L)
Batting: LHB Ernesto López 0-0: Foul Ball, location: 2F
0-1: Ball
1-1: Ball
2-1: Ball
3-1: Foul Ball, location: 2F
3-2: Base on Balls
Batting: RHB Evan Robinson 0-0: Ball
1-0: Swinging Strike
1-1: Ball
2-1: Ball
3-1: Called Strike
3-2: Base on Balls
Tony Báez to third
Ernesto López to second
Batting: LHB Dave Cook 0-0: Ball
1-0: Called Strike
1-1: Ball
2-1: Fly out, F8 (Flyball, 8LM)
Runner from 3rd tags up, SCORES, throw made
Batting: RHB David Moran 0-0: Fly out, F8 (Flyball, 8RD)
Bottom of the 3rd over - 1 run(s), 1 hit(s), 0 error(s), 2 left on base; Houston 3 - Mile High 2
TOP OF THE 4TH
Houston Hammertime batting - Pitching for Mile High Broncos : RHP Dan Bailey
Batting: RHB José García 0-0: Ball
1-0: Swinging Strike
1-1: Ball
2-1: Ground out 5-3 (Groundball, 56)
Batting: LHB Enrique Valentín 0-0: Fly out, F8 (Flyball, 8RM)
Batting: SHB Carlos Córdova 0-0: Called Strike
0-1: Ball
1-1: Foul Ball, location: 2F
1-2: Foul Ball, location: 2F
1-2: Ball
2-2: Ground out 4-3 (Groundball, 6M)
Top of the 4th over - 0 run(s), 0 hit(s), 0 error(s), 0 left on base; Houston 3 - Mile High 2
BOTTOM OF THE 4TH
Mile High Broncos batting - Pitching for Houston Hammertime : RHP Máximo Marín
Batting: RHB António Martínez 0-0: Foul Ball, location: 2F
0-1: Ball
1-1: Called Strike
1-2: Foul Ball, location: 2F
1-2: Ball
2-2: Ball
3-2: Base on Balls
Batting: RHB Jeff Packard 0-0: Ball
1-0: Called Strike
1-1: Called Strike
1-2: Strikes out swinging
Batting: RHB Edward Williams 0-0: Foul Ball, location: 2F
0-1: Ball
1-1: Swinging Strike
1-2: Fly out, F7 (Line Drive, 7)
Batting: LHB Tony Báez 0-0: Called Strike
0-1: Ball
1-1: Swinging Strike
1-2: Foul Ball, location: 2F
1-2: Strikes out swinging
Bottom of the 4th over - 0 run(s), 0 hit(s), 0 error(s), 1 left on base; Houston 3 - Mile High 2
TOP OF THE 5TH
Houston Hammertime batting - Pitching for Mile High Broncos : RHP Dan Bailey
Batting: RHB David Hernández 0-0: Called Strike
0-1: Ground out 1-3 (Groundball, P)
Batting: LHB Pat Jones 0-0: Foul Ball, location: 2F
0-1: Ball
1-1: Ball
2-1: Called Strike
2-2: Foul Ball, location: 2F
2-2: Ball
3-2: Base on Balls
Batting: LHB Frank Geddes 0-0: Called Strike
0-1: Ball
1-1: Ball
2-1: Fly out, F9 (Flyball, 9D)
Batting: RHB Dan Mason 0-0: Fly out, F7 (Flyball, 78S)
Top of the 5th over - 0 run(s), 0 hit(s), 0 error(s), 1 left on base; Houston 3 - Mile High 2
BOTTOM OF THE 5TH
Mile High Broncos batting - Pitching for Houston Hammertime : RHP Máximo Marín
Batting: RHB John Brown 0-0: Foul Ball, location: 2F
0-1: Called Strike
0-2: Ball
1-2: SOLO HOME RUN (Line Drive, 7LD), Distance : 365 ft
Batting: LHB Ernesto López 0-0: Called Strike
0-1: Ball
1-1: Ground out 6-3 (Groundball, 6)
Batting: RHB Evan Robinson 0-0: Ball
1-0: Foul Ball, location: 2F
1-1: Called Strike
1-2: Ball
2-2: Foul Ball, location: 2F
2-2: Foul Ball, location: 2F
2-2: Foul Ball, location: 2F
2-2: Ball
3-2: Foul Ball, location: 2F
3-2: Foul Ball, location: 2F
3-2: Strikes out swinging
Batting: LHB Dave Cook 0-0: Ball
1-0: Ball
2-0: Swinging Strike
2-1: Ball
3-1: Foul Ball, location: 2F
3-2: Strikes out looking
Bottom of the 5th over - 1 run(s), 1 hit(s), 0 error(s), 0 left on base; Houston 3 - Mile High 3
TOP OF THE 6TH
Houston Hammertime batting - Pitching for Mile High Broncos : RHP Dan Bailey
Pitching: LHP Domingo Morales
Batting: LHB José Esparza 0-0: Ball
1-0: SINGLE (Flyball, 8RS)
Batting: RHB Ánibal Pérez 0-0: Swinging Strike
0-1: Ball
1-1: Foul Ball, location: 2F
1-2: Reached on error, E6 (Groundball, 6)
José Esparza to second
Batting: RHB José García 0-0: Foul Ball, location: 2F
0-1: Ball
1-1: Ground out 5-3 (Groundball, 56S)
José Esparza to third
Ánibal Pérez to second
Batting: LHB Enrique Valentín 0-0: Called Strike
0-1: Ball
1-1: SINGLE (Groundball, 34D)
José Esparza scores
Ánibal Pérez to third
Runner from 3rd tries for Home, SAFE, throw made home
Enrique Valentín to second
Batting: SHB Carlos Córdova 0-0: Ball
1-0: Ball
2-0: Ball
3-0: Called Strike
3-1: Foul Ball, location: 2F
3-2: Base on Balls
Batting: RHB David Hernández 0-0: Ball
1-0: Ball
2-0: Foul Ball, location: 2F
2-1: Fly out, F3 (Line Drive, 3)
Lined into DP, U3 (Line Drive, 3)
Top of the 6th over - 2 run(s), 2 hit(s), 1 error(s), 1 left on base; Houston 5 - Mile High 3
BOTTOM OF THE 6TH
Mile High Broncos batting - Pitching for Houston Hammertime : RHP Máximo Marín
Batting: RHB David Moran 0-0: Ball
1-0: Fly out, F4 (Popup, 4D)
Batting: RHB António Martínez 0-0: Ball
1-0: Foul Ball, location: 2F
1-1: Swinging Strike
1-2: Ball
2-2: Strikes out swinging
Batting: RHB Jeff Packard 0-0: Ball
1-0: Ball
2-0: Called Strike
2-1: Swinging Strike
2-2: Strikes out swinging
Bottom of the 6th over - 0 run(s), 0 hit(s), 0 error(s), 0 left on base; Houston 5 - Mile High 3
TOP OF THE 7TH
Houston Hammertime batting - Pitching for Mile High Broncos : LHP Domingo Morales
Batting: LHB Pat Jones 0-0: Foul Ball, location: 2F
0-1: Swinging Strike
0-2: Fly out, F8 (Flyball, 8RXD)
Batting: LHB Frank Geddes 0-0: Called Strike
0-1: Ball
1-1: Foul Ball, location: 2F
1-2: Strikes out swinging
Batting: RHB Dan Mason 0-0: Ball
1-0: Foul Ball, location: 2F
1-1: Called Strike
1-2: Strikes out looking
Top of the 7th over - 0 run(s), 0 hit(s), 0 error(s), 0 left on base; Houston 5 - Mile High 3
BOTTOM OF THE 7TH
Mile High Broncos batting - Pitching for Houston Hammertime : RHP Máximo Marín
Pitching: RHP Dae-hee Ch'oe
Batting: RHB Edward Williams 0-0: Ball
1-0: Called Strike
1-1: Foul Ball, location: 2F
1-2: Ground out 5-3 (Groundball, 56)
Batting: LHB Tony Báez 0-0: Called Strike
0-1: Ball
1-1: Foul Ball, location: 2F
1-2: Strikes out looking
Batting: RHB John Brown 0-0: Ball
1-0: Ground out 1-3 (Groundball, 13)
Bottom of the 7th over - 0 run(s), 0 hit(s), 0 error(s), 0 left on base; Houston 5 - Mile High 3
TOP OF THE 8TH
Houston Hammertime batting - Pitching for Mile High Broncos : LHP Domingo Morales
Batting: LHB José Esparza 0-0: Fly out, F9 (Flyball, 89M)
Batting: RHB Ánibal Pérez 0-0: Ball
1-0: SINGLE (Groundball, 3D)
Batting: RHB José García 0-0: Fly out, F7 (Flyball, 7LMF)
Batting: LHB Enrique Valentín 0-0: Called Strike
0-1: Foul Ball, location: 2F
0-2: Strikes out looking
Top of the 8th over - 0 run(s), 1 hit(s), 0 error(s), 1 left on base; Houston 5 - Mile High 3
BOTTOM OF THE 8TH
Mile High Broncos batting - Pitching for Houston Hammertime : RHP Dae-hee Ch'oe
Batting: LHB Ernesto López 0-0: Called Strike
0-1: Ball
1-1: Foul Ball, location: 2F
1-2: Ground out 5-3 (Groundball, 56S)
Batting: RHB Evan Robinson 0-0: Swinging Strike
0-1: Swinging Strike
0-2: Fly out, F8 (Flyball, 8RS)
Batting: LHB Dave Cook 0-0: Swinging Strike
0-1: Ball
1-1: Ball
2-1: Swinging Strike
2-2: Ball
3-2: Base on Balls
Batting: RHB David Moran 0-0: Fielders Choice at 2nd, 6-4 (Groundball, 6)
Bottom of the 8th over - 0 run(s), 0 hit(s), 0 error(s), 0 left on base; Houston 5 - Mile High 3
TOP OF THE 9TH
Houston Hammertime batting - Pitching for Mile High Broncos : LHP Domingo Morales
Batting: SHB Carlos Córdova 0-0: Foul Ball, location: 2F
0-1: SINGLE (Flyball, 9S)
Pitching: LHP Jorge García
Batting: RHB David Hernández 0-0: Called Strike
0-1: Grounds into double play, 1-4-3 (Groundball, 15S)
Batting: LHB Pat Jones 0-0: Called Strike
0-1: Called Strike
0-2: Ball
1-2: Foul Ball, location: 2F
1-2: Foul Ball, location: 2F
1-2: Ball
2-2: Ball
3-2: Ground out 3-1 (Groundball, 34)
Top of the 9th over - 0 run(s), 1 hit(s), 0 error(s), 0 left on base; Houston 5 - Mile High 3
BOTTOM OF THE 9TH
Mile High Broncos batting - Pitching for Houston Hammertime : RHP Dae-hee Ch'oe
Pitching: LHP Júlio Aguilar
Batting: RHB António Martínez 0-0: Ball
1-0: Ball
2-0: Called Strike
2-1: Foul Ball, location: 2F
2-2: Strikes out swinging
Batting: RHB Jeff Packard 0-0: Ball
1-0: Ground out 6-3 (Groundball, 6)
Batting: RHB Edward Williams 0-0: Ball
1-0: Called Strike
1-1: Ground out 6-3 (Groundball, 6)
Bottom of the 9th over - 0 run(s), 0 hit(s), 0 error(s), 0 left on base; Houston 5 - Mile High 3
Tuesday, August 8th, 2017 - OOTP Baseball 17.12 Build 75